 Dungeon Crawl Stone Soup version 0.21-a0-78-g82a99e0 (webtiles) character file.

4967 sdghwersg the Basher (level 10, -4/91 HPs)
             Began as a Minotaur Berserker on June 22, 2017.
             Was an Elder of Trog.
             Slain by an orc warrior
             ... wielding a +0 dire flail
              (15 damage)
             ... on level 9 of the Dungeon.
             The game lasted 00:47:05 (7880 turns).

sdghwersg the Basher (Minotaur Berserker)           Turns: 7880, Time: 00:47:06

Health: -4/91      AC:  7    Str: 26    XL:     10   Next: 28%
Magic:  9/9        EV: 11    Int:  4    God:    Trog [****..]
Gold:   353        SH:  2    Dex:  9    Spells: 9/9 levels left

rFire    . . .     SeeInvis .   a - +2 mace
rCold    . . .     Gourm    .   (no shield)
rNeg     . . .     Faith    .   r - +0 chain mail
rPois    .         Spirit   .   (helmet restricted)
rElec    .         Reflect  +   (no cloak)
rCorr    .         Harm     .   (no gloves)
MR       .....                  (no boots)
Stlth    ..........             y - +2 amulet of reflection
HPRegen  0.25/turn              (no ring)
MPRegen  0.11/turn              (no ring)

@: corroded
A: retaliatory headbutt, horns 2
a: Berserk, Trog's Hand, Brothers in Arms, Burn Spellbooks, Renounce Religion


You were on level 9 of the Dungeon.
You worshipped Trog.
Trog was greatly pleased with you.
You were not hungry.

You visited 2 branches of the dungeon, and saw 10 of its levels.

You collected 559 gold pieces.
You spent 206 gold pieces at shops.

Inventory:

Hand Weapons
 a - a +2 mace (weapon)
Armour
 b - a +0 animal skin
 r - a +0 chain mail (worn)
Jewellery
 h - an uncursed ring of teleportation
 q - an uncursed ring of ice
 y - a +2 amulet of reflection (around neck)
Wands
 n - a wand of polymorph (5/24)
 u - a wand of digging (11/24)
 B - a wand of polymorph (2/24)
 C - a wand of polymorph (0/24)
Scrolls
 d - 3 scrolls of identify
 g - 2 scrolls of enchant weapon
 k - 2 scrolls of amnesia
 m - a scroll of fear
 o - 2 scrolls of recharging
 p - 3 scrolls of remove curse
 w - a scroll of enchant armour
 A - a scroll of magic mapping
 F - a scroll of teleportation {unknown}
 H - 3 scrolls of torment {unknown}
 K - a scroll of random uselessness {unknown}
Potions
 e - 2 potions of haste
 f - 3 potions of curing
 i - 3 potions of invisibility
 j - 3 potions of flight {unknown}
 s - 3 potions of degeneration {unknown}
 x - a potion of mutation {unknown}
 z - 3 potions of agility {unknown}
 D - a potion of lignification {unknown}
 E - a potion of berserk rage {unknown}
 G - a potion of resistance {unknown}
 I - a potion of heal wounds {unknown}
 J - a potion of ambrosia {unknown}
Comestibles
 c - 12 bread rations
 l - 4 meat rations
 t - a royal jelly
 v - 8 fruits


   Skills:
 + Level 9.2 Fighting
 + Level 12.2 Maces & Flails
 + Level 8.7 Armour
 + Level 6.0 Dodging
 + Level 2.1 Stealth


You had 9 spell levels left.
You didn't know any spells.

Dungeon Overview and Level Annotations

Branches:
Dungeon (9/15)             Temple (1/1) D:6            Lair (0/6) D:8
    Orc (0/2) D:9

Altars:
Ashenzari
Dithmenos
Elyvilon
Fedhas
Gozag
Hepliaklqana
Kikubaaqudgha
Nemelex Xobeh
Okawaru
Sif Muna
Trog
Wu Jian
Xom
Yredelemnul
The Shining One

Shops:
D:5 *


Innate Abilities, Weirdness & Mutations

You reflexively headbutt those who attack you in melee.
You have a pair of horns on your head.


Message History

The orc warrior is lightly wounded.
The orc warrior hits you with a dire flail.
* * * LOW HITPOINT WARNING * * *
You hit the orc warrior but do no damage.
The orc warrior is lightly wounded.
The orc warrior barely misses you.
You thump the orc warrior! You headbutt the orc warrior.
The orc warrior is severely wounded.
The orc warrior closely misses you. You furiously retaliate!
You headbutt the orc warrior, but do no damage.
You hit the orc warrior but do no damage.
The orc warrior is severely wounded.
You hit the orc warrior but do no damage.
The orc warrior is severely wounded.
The orc warrior hits you with a dire flail!
* * * LOW HITPOINT WARNING * * *
You hit the orc warrior.
The orc warrior is severely wounded.
The orc warrior hits you with a dire flail!
You die...

###### #......###
###.#...... #
........##.#
#.#.#...... #..)...#
.# # #.o#.###.# ...
#.##.(@.....# #.#
#.......##### ##..
####.####
##########... #(#
#.......##.#. #.#
#.......##.#. #.#
#..........#. #.####
#.......#..#. #....#
#...........)
####.###.......#....


You could see an orc warrior.

Vanquished Creatures
  A two-headed ogre (D:8)
  Prince Ribbit (D:6)
  A hippogriff (D:7)
  2 steam dragons
  Edmund (D:6)
  A hornet zombie (D:7)
  An orc warrior (D:6)
  An eye of draining (D:9)
  An ice beast (D:9)
  2 phantoms
  A necrophage (D:6)
  7 ogres
  3 centaurs
  A big kobold (D:7)
  5 bullfrogs
  3 scorpions
  2 wyvern skeletons
  3 wights (D:6)
  4 killer bees (D:9)
  3 crimson imps
  A bullfrog zombie (D:6)
  4 jellies
  3 hounds
  6 orc priests
  2 bullfrog skeletons
  2 orc wizards
  Ijyb (D:5)
  An iguana (D:7)
  9 worker ants
  A killer bee zombie (D:7)
  2 hound skeletons
  A howler monkey zombie (D:6)
  A gnoll (D:4)
  10 adders
  5 shadow imps
  An ooze (D:6)
  An adder skeleton (D:9)
  2 worms
  4 leopard geckos
  25 orcs
  7 giant cockroaches
  3 goblins
  4 hobgoblins
  9 jackals
  5 kobolds
  2 quokkas
  2 ball pythons
  5 bats
  3 frilled lizards
  A jackal skeleton (D:7)
  A jackal zombie (D:6)
  13 rats
181 creatures vanquished.

Vanquished Creatures (others)
  A worker ant (D:4)
  A quokka (D:4)
2 creatures vanquished.

Grand Total: 183 creatures vanquished

Notes
Turn   | Place    | Note
-------+----------+-------------------------------------------
     0 | D:1      | sdghwersg the Minotaur Berserker began the quest for the Orb.
     0 | D:1      | Reached XP level 1. HP: 19/19 MP: 0/0
   209 | D:1      | Reached XP level 2. HP: 27/27 MP: 1/1
   428 | D:1      | Reached skill level 4 in Maces & Flails
   732 | D:2      | Reached XP level 3. HP: 34/34 MP: 2/2
   989 | D:2      | Reached ** piety under Trog
  1908 | D:3      | Reached XP level 4. HP: 33/41 MP: 3/3
  2269 | D:4      | Reached skill level 5 in Maces & Flails
  2332 | D:4      | Found a shimmering altar of Xom.
  2351 | D:4      | Reached XP level 5. HP: 44/47 MP: 4/4
  2457 | D:4      | Reached skill level 5 in Fighting
  2619 | D:5      | Entered Level 5 of the Dungeon
  2623 | D:5      | Reached skill level 1 in Stealth
  3007 | D:5      | Reached XP level 6. HP: 56/56 MP: 5/5
  3030 | D:5      | Reached skill level 6 in Maces & Flails
  3202 | D:5      | Reached XP level 7. HP: 62/62 MP: 6/6
  3215 | D:5      | Found Qazuon's Assorted Antiques.
  3232 | D:5      | Bought a glowing ruby amulet for 175 gold pieces
  3232 | D:5      | Bought a grey potion for 31 gold pieces
  3394 | D:5      | Noticed Ijyb
  3431 | D:5      | Killed Ijyb
  3511 | D:5      | Reached skill level 7 in Maces & Flails
  3890 | D:6      | Reached XP level 8. HP: 71/71 MP: 7/7
  3965 | D:6      | Reached *** piety under Trog
  3998 | D:6      | Reached skill level 8 in Maces & Flails
  4092 | D:6      | Found a staircase to the Ecumenical Temple.
  4094 | D:6      | Noticed Edmund
  4108 | D:6      | Killed Edmund
  4191 | Temple   | Entered the Ecumenical Temple
  4542 | D:6      | Reached skill level 9 in Maces & Flails
  4673 | D:6      | Reached skill level 5 in Armour
  4673 | D:6      | Reached skill level 5 in Dodging
  5008 | D:6      | Noticed Prince Ribbit
  5023 | D:6      | Killed Prince Ribbit
  5023 | D:6      | Reached skill level 10 in Maces & Flails
  5265 | D:7      | Reached XP level 9. HP: 60/79 MP: 8/8
  6411 | D:7      | Reached skill level 11 in Maces & Flails
  6424 | D:7      | Reached **** piety under Trog
  6690 | D:8      | Noticed a two-headed ogre
  6700 | D:8      | Killed a two-headed ogre
  6773 | D:8      | Reached XP level 10. HP: 52/90 MP: 9/9
  7110 | D:8      | Found a staircase to the Lair.
  7276 | D:8      | You fall through a shaft!
  7276 | D:9      | Found a staircase to the Orcish Mines.
  7488 | D:9      | Reached skill level 12 in Maces & Flails
  7880 | D:9      | Slain by an orc warrior

Vault maps used:
D:1:      dpeg_arrival_ratfight
D:3:      first_bread
D:4:      xom_confusion_cloud
D:5:      serial_shops, nicolae_shop_statue_plus, uniq_ijyb
D:6:      minmay_diamond_boxcup, minmay_temple_entry_large_hall, uniq_edmund,
          uniq_prince_ribbit1
D:7:      minmay_misc_feat_hallway, grunt_ogre_cave, kennysheep_crisscross
D:8:      dpeg_oklobed_lair
D:9:      lightli_temple_of_fire, david_orc_3
Temple:   regret_index_temple_sigil_plot

Skill      XL: |  1  2  3  4  5  6  7  8  9 10 |
---------------+-------------------------------+-----
Maces & Flails | 4 5 6 7 10 11 12 | 12.2
Fighting       | 4 5 6 7 8 9 |  9.2
Dodging        | 3 4 5 6 |  6.0
Stealth        | 1 2 |  2.1
Armour         | 3 4 5 8 |  8.7

Action                   |  1- 3 |  4- 6 |  7- 9 | 10-12 || total
-------------------------+-------+-------+-------+-------++-------
Melee: Mace              |    88 |    64 |   277 |   116 ||   545
       Headbutt          |    11 |     8 |    49 |    26 ||    94
Invok: Berserk           |     2 |     4 |     9 |     1 ||    16
       Trog's Hand       |     1 |     1 |     2 |       ||     4
       Burn Spellbooks   |       |       |     1 |     1 ||     2
  Use: Scroll            |     5 |     1 |     7 |     1 ||    14
       Potion            |       |       |     3 |       ||     3
 Stab: Sleeping          |     1 |     1 |       |       ||     2
  Eat: Chunk             |     5 |     4 |     8 |     3 ||    20
       Meat ration       |       |     1 |     2 |       ||     3
       Bread ration      |       |       |     1 |       ||     1
Armor: Animal skin       |    26 |       |       |       ||    26
       Chain mail        |       |    19 |   104 |    44 ||   167
Dodge: Dodged            |    67 |    35 |   139 |    53 ||   294
Block: Other             |       |       |    16 |     6 ||    22
